 Dungeon Crawl Stone Soup version 0.18-a0-1805-g8ab820f (webtiles) character file.

130 wvc the Twirler (level 4, -4/33 HPs)
             Began as a Mummy Gladiator on Apr 26, 2016.
             Was an Initiate of Cheibriados.
             Slain by Zhenya25pyc's ghost (8 damage)
             ... on level 4 of the Dungeon.
             The game lasted 00:05:29 (2868 turns).

wvc the Twirler (Mummy Gladiator)                   Turns: 2868, Time: 00:05:30

Health: -4/33      AC:  7    Str: 19    XL:     4   Next: 90%
Magic:  4/4        EV: 11    Int:  8    God:    Cheibriados [......]
Gold:   137        SH:  6    Dex: 14    Spells: 0 memorised, 3 levels left

rFire  x . .     SeeInvis .     a - +0 quarterstaff
rCold  + . .     Gourm    .     e - +0 ring mail
rNeg   + + +     Faith    .     (shield currently unavailable)
rPois  ∞         Spirit   .     c - +0 helmet
rElec  .         Dismiss  .     (no cloak)
rCorr  +         Reflect  +     g - +0 pair of gloves
SustAt .         Harm     .     (no boots)
MR     .....                    f - +6 amulet of reflection
Stlth  +.........               (no ring)
                                j - ring of resist corrosion

@: very slow, not resistant to hostile enchantments, very unstealthy
A: no food or potions, fire vulnerability, cold resistance 1, negative energy
resistance 3, torment resistance, unbreathing
a: Bend Time, Renounce Religion


You were on level 4 of the Dungeon.
You worshipped Cheibriados.
Cheibriados was noncommittal.
You were not hungry.

You visited 1 branch of the dungeon, and saw 4 of its levels.

You collected 137 gold pieces.

Inventory:

Hand Weapons
 a - a +0 quarterstaff (weapon)
Missiles
 d - 5 throwing nets (quivered)
 i - 11 poisoned needles
Armour
 c - a +0 helmet (worn)
 e - a +0 ring mail (worn)
 g - a +0 pair of gloves (worn)
Jewellery
 f - a +6 amulet of reflection (around neck)
 j - a ring of resist corrosion (left hand)
 m - an uncursed amulet of regeneration
Wands
 k - a wand of lightning (7/15)
Scrolls
 b - a scroll of teleportation
 h - a scroll of recharging
 l - a scroll of remove curse


   Skills:
 - Level 2.0 Fighting
 + Level 4.6 Staves
 - Level 1.5 Throwing
 - Level 2.4 Dodging


You had 3 spell levels left.
You didn't know any spells.

Dungeon Overview and Level Annotations

Branches:
Dungeon (4/15)
 Temple: D:4-7

Altars:
Cheibriados
Fedhas

Annotations:
D:4 Zhenya25pyc's ghost, amateur GrFi


Innate Abilities, Weirdness & Mutations

You do not eat or drink.
Your flesh is vulnerable to fire.
You are immune to poison.
Your flesh is cold resistant.
You are immune to negative energy.
You are immune to unholy pain and torment.
You can survive without breathing.


Message History

Zhenya25pyc's ghost is moderately damaged.
You block Zhenya25pyc's ghost's attack.
You hit Zhenya25pyc's ghost.
Zhenya25pyc's ghost is heavily damaged.
Zhenya25pyc's ghost hits you but does no damage.
You hit Zhenya25pyc's ghost but do no damage.
Zhenya25pyc's ghost is heavily damaged.
Zhenya25pyc's ghost hits you!
You hit Zhenya25pyc's ghost but do no damage.
Zhenya25pyc's ghost is heavily damaged.
Zhenya25pyc's ghost hits you but does no damage.
You block Zhenya25pyc's ghost's attack.
You hit Zhenya25pyc's ghost.
Zhenya25pyc's ghost is severely damaged.
Zhenya25pyc's ghost hits you!
* * * LOW HITPOINT WARNING * * *
You hit Zhenya25pyc's ghost but do no damage.
Zhenya25pyc's ghost is severely damaged.
Zhenya25pyc's ghost hits you!
You die...

.......<......#
...######.###.#
##...##.#######
#..............
#....##..###.#
#.#.###..#
#.#.###..#
#.#......###.##.#
#.#.###..@W>....(
#. ######.##.#


You could see Zhenya25pyc's ghost.

Vanquished Creatures
  An orc wizard (D:3)
  An adder (D:3)
  2 oozes (D:1)
  2 worms
  5 dart slugs
  3 giant geckos
  4 orcs (D:3)
  4 giant cockroaches
  9 goblins
  11 hobgoblins
  6 bats
  A giant newt (D:1)
  7 kobolds
  4 rats
60 creatures vanquished.

Notes
Turn   | Place    | Note
--------------------------------------------------------------
     0 | D:1      | wvc the Mummy Gladiator began the quest for the Orb.
     0 | D:1      | Reached XP level 1. HP: 16/16 MP: 1/1
   470 | D:1      | Reached XP level 2. HP: 13/22 MP: 2/2
   478 | D:1      | Reached skill level 3 in Staves
   844 | D:1      | Reached XP level 3. HP: 24/27 MP: 3/3
  2046 | D:3      | Noticed a phantom
  2132 | D:3      | Reached skill level 4 in Staves
  2135 | D:3      | Reached XP level 4. HP: 27/33 MP: 4/4
  2450 | D:3      | Found a snail-covered altar of Cheibriados.
  2462 | D:3      | Found a blossoming altar of Fedhas.
  2833 | D:3      | Became a worshipper of Cheibriados the Contemplative
  2854 | D:4      | Noticed Zhenya25pyc's ghost (amateur GrFi)
  2854 | D:4      | Goblin1989: : if you.race() == " Mummy " then tile_player_tile = mons: Duvessa : end
  2868 | D:4      | Slain by Zhenya25pyc's ghost

Vault maps used:
D:1:      dpeg_arrival_windows_large_door, minmay_misc_feat_pillars,
          st_stairs_5, interstate_on_off
D:3:      minitemple
D:4:      gup_sewer_entry_glass, hangedman_abyss_or_decor_stagger,
          amalloy_card_club

Skill      XL: |  1  2  3 |
---------------+----------+-----
Staves         | 3 4 |  4.6
Fighting       | |  2.0
Throwing       | |  1.5
Dodging        | |  2.4

Action                   |  1- 3 |  4- 6 || total
-------------------------+-------+-------++-------
Melee: Quarterstaff      |   131 |    80 ||   211
Throw: Throwing net      |     1 |       ||     1
Evoke: Wand              |       |     3 ||     3
  Use: Scroll            |     5 |     1 ||     6
 Stab: Held in net/web   |     1 |       ||     1
Armor: Leather armour    |     9 |       ||     9
       Ring mail         |    32 |    24 ||    56
Dodge: Dodged            |    61 |    27 ||    88
Block: Other             |    19 |    18 ||    37
